 Dungeon Crawl Stone Soup version 0.31-a0-1057-g70f3316b05 (webtiles) character file.

Game seed: 8883366934256037449

17557 Ge0ff the Jinx (level 12, -2/48 HPs)
             Began as a Felid Reaver on Nov 20, 2023.
             Was an Initiate of Gozag.
             Slain by a wraith (9 damage)
             ... led by Josephine
             ... on level 12 of the Dungeon.
             The game lasted 00:43:13 (15882 turns).

Ge0ff the Jinx (Felid Reaver)                      Turns: 15882, Time: 00:43:14

Health: -2/48      AC:  3    Str:  8    XL:     12   Next: 19%
Magic:  20/20      EV: 19    Int: 16    God:    Gozag
Gold:   1195       SH:  0    Dex: 18    Spells: 3/20 levels left
                                        Lives:  0   Deaths: 4

rFire   . .          .
                       - Unarmed
rCold   + . .        (shield unavailable)
rNeg    + . .        (body armour unavailable)
rPois   .            (helmet unavailable)
rElec   .            (cloak unavailable)
rCorr   .            (gloves unavailable)
SInv    +            (boots unavailable)
Will    +....        J - amulet of magic regeneration
Stlth   +++++        P - ring of positive energy
HPRegen 0.28/turn    (no ring)
MPRegen 0.57/turn

%: no passive effects
@: slowed, slow
A: very small, claws 1, fangs 3, see invisible, speed 1, shaggy fur 3, stealthy
paws, no weapons or thrown items, no armour, multi-lived
a: Renounce Religion, Potion Petition, Call Merchant, Bribe Branch


You were on level 12 of the Dungeon.
You worshipped Gozag.
Gozag was most pleased with you.
You visited 2 branches of the dungeon, and saw 13 of its levels.

You collected 1596 gold pieces.
You spent 240 gold pieces at shops.
You paid 161 gold pieces to Gozag.

Inventory:

Jewellery
 J - an amulet of magic regeneration (around neck)
 P - a ring of positive energy (left paw)
Talismans
 V - a flux talisman
Wands
 f - a wand of flame (24)
 k - a wand of iceblast (4)
Scrolls
 y - 3 scrolls of immolation
 C - a scroll of poison
 E - 2 scrolls of fear
 F - a scroll of fog
 S - 4 scrolls of summoning
 T - 5 scrolls of teleportation
 Y - a scroll of torment
Potions
 o - 10 potions of ambrosia
 u - 2 potions of mutation {!q}
 z - 2 potions of brilliance
 A - 2 potions of attraction
 I - 2 potions of invisibility
 K - 2 potions of magic {!q}
 L - 3 potions of lignification
 M - 2 potions of might
 N - 2 potions of cancellation {!q}
 R - a potion of haste {unknown}
 U - 3 potions of curing {unknown}
 W - 2 potions of heal wounds {!q}
 X - a potion of enlightenment
 Z - 2 potions of berserk rage {!q}


   Skills:
 - Level 3.3 Fighting
 - Level 5.0 Dodging
 - Level 10.0 Stealth
 - Level 7.0 Unarmed Combat
 + Level 4.8 Spellcasting
 * Level 6.6 Conjurations
 - Level 11.1 Hexes
 * Level 5.4 Transmutations
 - Level 6.8 Ice Magic
 - Level 5.9 Air Magic
 - Level 5.0 Poison Magic
 - Level 4.1 Evocations


You had 3 spell levels left.
You knew the following spells:

 Your Spells              Type           Power      Damage    Failure   Level
e - Irradiate             Conj/Tmut      11%        3d15      34%         5
f - Mephitic Cloud        Conj/Pois/Air  22%        N/A       4%          3
g - Apportation           Tloc           6%         N/A       16%         1
s - Confusing Touch       Hex            39%        N/A       1%          3
C - Ensorcelled Hibernat  Hex/Ice        64%        N/A       1%          2
E - Hailstorm             Conj/Ice       25%        3d7       3%          3

Your spell library contained the following spells:

 Spells                   Type           Power      Damage    Failure   Level
 Magic Dart               Conj           100%       1d8       1%          1
 Slow                     Hex            100%       N/A       1%          1
 Dazzling Flash           Conj/Hex       64%        N/A       1%          3
 Sigil of Binding         Hex            39%        N/A       1%          3
 Wereblood                Tmut           21%        N/A       2%          2
 Frozen Ramparts          Ice            50%        1d8       2%          3
 Kiss of Death            Conj/Necr      56%        2d9       4%          1
 Swiftness                Air            23%        N/A       4%          3
 Cigotuvi's Dreadful Rot  Necr/Pois/Air  30%        N/A       5%          2
 Momentum Strike          Conj/Tloc      28%        3d8       6%          2
 Passwall                 Tmut/Erth      10%        N/A       8%          2
 Ignite Poison            Fire/Tmut/Pois 15%        N/A       11%         3
 Necrotise                Necr           12%        1d4       16%         1
 Summon Small Mammal      Summ           12%        N/A       16%         1
 Call Imp                 Summ           6%         N/A       24%         2
 Vampiric Draining        Necr           3%         2d6       43%         3
 Metabolic Englaciation   Hex/Ice        16%        N/A       11%         5
 Silence                  Hex/Air        15%        N/A       13%         5
 Freezing Cloud           Conj/Ice/Air   12%        6-21      30%         5
 Petrify                  Tmut/Erth      12%        N/A       45%         4
 Alistair's Intoxication  Tmut/Pois      13%        N/A       45%         5
 Eringya's Noxious Bog    Tmut/Pois      10%        4d6       95%         6
 Agony                    Necr           3%         N/A       99%         5
 Borgnjor's Vile Clutch   Necr/Erth      1%         N/A       99%         5
 Haunt                    Necr/Summ      1%         N/A       100%        7
 Orb of Destruction       Conj           12%        9d7       100%        7
 Animate Dead             Necr           Unusable   N/A       N/A         4

Dungeon Overview and Level Annotations

Branches:
Dungeon (12/15) Zot: 26379  Temple (1/1) D:5 Zot: 5993    Lair (0/5) D:11
    Orc (0/2) D:10

Altars:
Ashenzari
Cheibriados
Dithmenos
Elyvilon
Fedhas
Gozag
Hepliaklqana
Kikubaaqudgha
Makhleb
Nemelex Xobeh
Okawaru
Qazlal
Ru
Sif Muna
Trog
Uskayaw
Vehumet
Wu Jian
Xom
Yredelemnul
Zin
The Shining One

Shops:
D:8 ?

Portals:
Abyss: D:6

Annotations:
D:6 2 transporters, paps's ghost, novice DsGl
D:12 Josephine


Innate Abilities, Weirdness & Mutations

You have sharp claws.
You have razor-sharp teeth.
You have supernaturally acute eyesight. (SInv)
You cover ground quickly. (Speed+)
Your thick and shaggy fur keeps you warm. (AC +3, rC+)
Your paws help you pounce on unaware monsters.
You are incapable of wielding weapons or throwing items.
You cannot wear armour.
You gain extra lives every three experience levels.


Message History

You feel as though you will be slow longer.
You scratch the wraith but do no damage.
The wraith hits you.
You are too injured to fight recklessly!
You are too injured to fight recklessly!
You are too injured to fight recklessly!
You scratch the wraith but do no damage.
The wraith closely misses you.
You scratch the wraith but do no damage.
You bite the wraith.
The wraith is lightly damaged.
The wraith misses you. The wraith barely misses you.
You scratch the wraith but do no damage.
The wraith is lightly damaged.
The wraith closely misses you.
You scratch the wraith but do no damage.
The wraith is lightly damaged.
Your paws stop glowing.
The wraith closely misses you. The wraith misses you.
You barely miss the wraith.
The wraith is lightly damaged.
The wraith barely misses you.
Aiming: Paralyse
Press: ? - help, Shift-Dir - straight line, f - wraith
Aim: a wraith (lightly damaged, chance to affect: 25%)
The wraith resists with almost no effort.
The wraith hits you. The wraith drains your vigour!
You feel as though you will be slow longer.
Aiming: Paralyse
Press: ? - help, Shift-Dir - straight line, f/p - wraith
Aim: a wraith (lightly damaged, chance to affect: 25%)
The wraith resists with almost no effort.
The wraith misses you. The wraith closely misses you.
Aiming: Paralyse
Press: ? - help, Shift-Dir - straight line, f/p - wraith
Aim: a wraith (lightly damaged, chance to affect: 25%)
The wraith resists with almost no effort.
The wraith hits you!
* * * LOW HITPOINT WARNING * * *
The wraith drains your vigour!
You feel as though you will be slow longer.
Aiming: Paralyse
Press: ? - help, Shift-Dir - straight line, f/p - wraith
Aim: a wraith (lightly damaged, chance to affect: 25%)
The wraith resists with almost no effort.
The now-empty wand crumbles to dust.
The wraith hits you.
* * * LOW HITPOINT WARNING * * *
The wraith hits you!
You die...
Your body crumbles into a pile of gold.

### #.# #.# #.#
######################### ##.#
#........................ ...#
#........................ ...#
#........................
...###.........<..............
................@W............
.............................W
....######....................
....#....+...........#+###....
#####....######......# @
[.............#......#
......######..#......# ##....#
#..#......##### .#....#
#.)#............


You could see a wraith.

Vanquished Creatures
  3 two-headed ogres
  Urug (D:12)
  A deep elf pyromancer (D:12)
  An orc knight (D:11)
  4 cyclopes
  Maurice (D:8)
  5 gargoyles
  Maggie (D:7)
  An unseen horror (D:12)
  A kobold demonologist (D:11)
  5 trolls
  A queen bee (D:11)
  2 vampires
  A basilisk (D:11)
  A wraith (D:10)
  14 yaks
  3 shadows
  An acid dragon (shapeshifter) (D:11)
  4 water moccasins
  An acid dragon (D:11)
  A sky beast (D:6)
  3 orc warriors
  A black bear (D:4)
  A boggart (D:11)
  An ogre (D:6)
  4 centaurs
  2 phantoms
  A kobold brigand (D:7)
  3 gnoll sergeants
  3 bullfrogs
  8 scorpions
  5 wights (D:9)
  44 killer bees
  7 howler monkeys
  4 hounds
  2 jellies
  3 orc priests
  A sleepcap (D:6)
  4 iguanas
  6 orc wizards
  Natasha (thrice) (D:3)
  6 adders
  12 gnolls
  A shadow imp (D:5)
  A worm (D:3)
  2 dart slugs
  16 orcs
  13 endoplasms
  3 giant cockroaches
  10 goblins
  10 hobgoblins
  9 jackals
  5 quokkas
  9 ball pythons
  7 bats
  7 frilled lizards
  9 kobolds
  5 rats
284 creatures vanquished.

Vanquished Creatures (collateral kills)
  A killer bee (D:11)
1 creature vanquished.

Grand Total: 285 creatures vanquished

Notes
Turn   | Place    | Note
-------+----------+-------------------------------------------
     0 | D:1      | Ge0ff the Felid Reaver began the quest for the Orb.
     0 | D:1      | Reached XP level 1. HP: 9/9 MP: 4/4
   152 | D:1      | Reached skill level 1 in Stealth
   332 | D:1      | Reached XP level 2. HP: 13/13 MP: 6/6
   970 | D:2      | Reached XP level 3. HP: 14/16 MP: 7/7
  1061 | D:2      | Identified the +9 long sword of Zaynnur {freeze, rC- Int+4
                  | Stlth+}
  1572 | D:2      | Reached XP level 4. HP: 16/20 MP: 8/8
  1782 | D:3      | Learned a level 3 spell: Hailstorm
  1784 | D:3      | Found a basalt altar of Yredelemnul.
  1932 | D:3      | Found an ancient bone altar of Kikubaaqudgha.
  1971 | D:3      | Noticed Natasha
  2323 | D:3      | Reached XP level 5. HP: 4/15 MP: 6/9
  2354 | D:3      | Killed from afar by Natasha
  2385 | D:3      | Killed Natasha
  2386 | D:3      | Reached skill level 5 in Unarmed Combat
  2472 | D:3      | Found an ancient bone altar of Kikubaaqudgha.
  2694 | D:3      | Noticed Natasha
  2700 | D:3      | Killed Natasha
  2822 | D:3      | Found a basalt altar of Yredelemnul.
  2882 | D:3      | Noticed Natasha
  2886 | D:3      | Killed Natasha
  2961 | D:4      | Reached skill level 1 in Ice Magic
  3050 | D:4      | Found a shadowy altar of Dithmenos.
  3051 | D:4      | Found a burning altar of Makhleb.
  3052 | D:4      | Found a glowing silver altar of Zin.
  3054 | D:4      | Found a broken altar of Ashenzari.
  3058 | D:4      | Found a sacrificial altar of Ru.
  3082 | D:4      | Gained mutation: You are covered in thick fur. (AC +2)
                  | [Felid growth]
  3082 | D:4      | Reached XP level 6. HP: 23/24 MP: 10/10
  3102 | D:4      | Learned a level 1 spell: Apportation
  3105 | D:4      | Learned a level 2 spell: Ensorcelled Hibernation
  3147 | D:4      | Reached skill level 1 in Hexes
  3647 | D:4      | Found a shadowy altar of Dithmenos.
  3648 | D:4      | Found a burning altar of Makhleb.
  3649 | D:4      | Found a glowing silver altar of Zin.
  3650 | D:4      | Found a broken altar of Ashenzari.
  3651 | D:4      | Found a sacrificial altar of Ru.
  4071 | D:5      | Entered Level 5 of the Dungeon
  4143 | D:5      | Found a shimmering altar of Xom.
  4144 | D:5      | Found a shimmering altar of Xom.
  4145 | D:5      | Found a shimmering altar of Xom.
  4145 | D:5      | Found a shimmering altar of Xom.
  4148 | D:5      | Found a shimmering altar of Xom.
  4163 | D:5      | Found a shimmering altar of Xom.
  4207 | D:5      | Reached XP level 7. HP: 20/30 MP: 9/11
  4422 | D:5      | Found a hazy altar of Hepliaklqana.
  4498 | D:5      | Reached skill level 2 in Hexes
  4582 | D:5      | Found a staircase to the Ecumenical Temple.
  4591 | Temple   | Entered the Ecumenical Temple
  4929 | D:6      | Reached skill level 3 in Hexes
  4943 | D:6      | Learned a level 3 spell: Confusing Touch
  4970 | D:6      | Reached skill level 4 in Hexes
  5042 | D:6      | Noticed an ice devil
  5116 | D:6      | Reached skill level 5 in Hexes
  5280 | D:6      | Noticed a small abomination
  5280 | D:6      | Noticed a large abomination
  5301 | D:6      | Found a one-way gate to the infinite horrors of the Abyss.
  5301 | D:6      | Noticed paps's ghost (novice DsGl)
  5308 | D:6      | Found a transporter.
  5323 | D:6      | Found a transporter.
  5396 | D:6      | Slain by an orc warrior
  5413 | D:6      | Found the +11 Singing Sword {sonic wave}
  5565 | D:6      | Reached XP level 8. HP: 31/31 MP: 12/12
  5581 | D:6      | Reached skill level 5 in Stealth
  5581 | D:6      | Reached skill level 6 in Hexes
  5824 | D:6      | Reached skill level 7 in Hexes
  6004 | D:6      | Reached skill level 8 in Hexes
  6273 | D:7      | Reached skill level 9 in Hexes
  6277 | D:7      | Found a shimmering blue altar of Sif Muna.
  6596 | D:7      | Reached XP level 9. HP: 33/38 MP: 5/14
  6714 | D:7      | Noticed Maggie
  6724 | D:7      | Killed Maggie
  7049 | D:7      | Reached skill level 10 in Hexes
  7313 | D:8      | Learned a level 3 spell: Mephitic Cloud
  7340 | D:8      | Noticed a cyclops
  7346 | D:8      | Killed a cyclops
  7347 | D:8      | Reached skill level 1 in Air Magic
  7347 | D:8      | Reached skill level 1 in Poison Magic
  7377 | D:8      | Noticed a gargoyle
  7381 | D:8      | Killed a gargoyle
  7382 | D:8      | Reached skill level 5 in Ice Magic
  7636 | D:8      | Found Rareol's Magic Scroll Shoppe.
  7677 | D:8      | Reached skill level 5 in Dodging
  7769 | D:7      | Reached XP level 10. HP: 39/42 MP: 2/15
  7918 | D:8      | Bought a scroll of fog for 64 gold pieces
  7918 | D:8      | Bought a scroll of fear for 64 gold pieces
  7918 | D:8      | Bought a scroll of identify for 32 gold pieces
  7918 | D:8      | Bought a scroll of identify for 32 gold pieces
  7918 | D:8      | Bought a scroll of identify for 32 gold pieces
  7918 | D:8      | Bought a scroll of noise for 16 gold pieces
  8311 | D:8      | Noticed Maurice
  8335 | D:8      | Maurice stole a flux talisman
  8344 | D:8      | Killed Maurice
  8345 | D:8      | Reached skill level 5 in Conjurations
  8455 | D:8      | Found a stormy altar of Qazlal.
  8672 | D:9      | Found an opulent altar of Gozag.
  8857 | D:9      | Became a worshipper of Gozag Ym Sagoz the Greedy
  8983 | D:9      | Found a white marble altar of Elyvilon.
 10556 | D:10     | Entered Level 10 of the Dungeon
 10594 | D:10     | Noticed a two-headed ogre
 10626 | D:10     | Killed a two-headed ogre
 10627 | D:10     | Reached skill level 1 in Evocations
 10809 | D:10     | Reached XP level 11. HP: 41/45 MP: 8/17
 10943 | D:10     | Found a staircase to the Orcish Mines.
 11099 | D:10     | Reached skill level 5 in Air Magic
 11461 | D:11     | Reached skill level 5 in Poison Magic
 11533 | D:11     | Found a staircase to the Lair.
 11540 | D:11     | Learned a level 5 spell: Irradiate
 11695 | D:11     | Reached skill level 1 in Transmutations
 11882 | D:11     | Noticed a two-headed ogre
 11890 | D:11     | Noticed an orc knight
 11893 | D:11     | Noticed an ice dragon
 11899 | D:11     | Noticed a goliath frog
 11901 | D:11     | a goliath frog changed into a wolf spider
 11901 | D:11     | Noticed a wolf spider (shapeshifter)
 11914 | D:11     | Killed a two-headed ogre
 11917 | D:11     | Noticed a spark wasp
 11920 | D:11     | HP: 2/45 [spark wasp (shapeshifter) (16)]
 11921 | D:11     | Slain by a spark wasp (shapeshifter)
 11926 | D:11     | a spark wasp changed into a boulder beetle
 11926 | D:11     | Noticed a boulder beetle (shapeshifter)
 12168 | D:11     | Noticed an anaconda
 12277 | D:11     | Killed an orc knight
 12600 | D:11     | Got the Vellum of Vehement Shades
 12660 | D:11     | Reached skill level 10 in Stealth
 12732 | D:11     | Noticed a two-headed ogre
 12745 | D:11     | Killed a two-headed ogre
 13425 | D:11     | Reached skill level 11 in Hexes
 13749 | D:11     | Noticed a swamp dragon
 14072 | D:11     | Gained mutation: Your thick and shaggy fur keeps you warm.
                  | (AC +3, rC+) [Felid growth]
 14072 | D:11     | Reached XP level 12. HP: 48/48 MP: 17/19
 14659 | D:11     | Found a staircase to the Lair.
 15210 | D:12     | Mangled by a cyan ugly thing
 15252 | D:12     | Noticed Urug
 15256 | D:12     | Killed Urug
 15323 | D:12     | Reached skill level 5 in Transmutations
 15857 | D:12     | Noticed Josephine
 15882 | D:12     | Slain by a wraith

Illustrated notes

Levels and vault maps discovered:
D:1:      beargit_arrival_diablo_church, layout_basic
D:2:      minmay_recursive_quarters, layout_rooms
D:3:      layout_basic, mainiacjoe_overflow_paths, lemuel_crystal_altar,
          kennysheep_generic_room_14, uniq_natasha
D:4:      layout_loops_ring, grunt_temple_overflow_open
D:5:      layout_cave_pools, xom_redecorated, nzn_hepliaklqana_mist_gate,
          minmay_temple_entry_tees, columned_hall_lemuel
D:6:      old_forge, layout_basic, gammafunk_ghost_abyssal_escape
D:7:      layout_rooms, mainiacjoe_overflow_24_doors, uniq_maggie
D:8:      wander_river, layout_cave_pools, nicolae_qazlal_eye_of_the_storm,
          serial_shops, nicolae_shop_crystal, minmay_three_doors, uniq_maurice
D:9:      layout_basic, nicolae_elyvilon_peaceful_grove, grunt_gozag_breadcrumbs
D:10:     layout_loops_ring, orc_0_dummy
D:11:     minmay_bloctagon, layout_basic, lair_entry_dummy, special_room
          [special_room_bee]
D:12:     layout_irregular_city, kennysheep_slug_shrine, uniq_josephine,
          uniq_urug
Temple:   nicolae_temple_cloud_nine

Skill      XL: |  1  2  3  4  5  6  7  8  9 10 11 12 |
---------------+-------------------------------------+-----
Stealth        | 2 3 4 7 9 10 | 10.0
Dodging        | 3 5 |  5.0
Unarmed Combat | 4 5 6 7 |  7.0
Fighting       | 3 |  3.3
Conjurations   | 3 4 5 6 |  6.6
Ice Magic      | 1 3 4 5 6 |  6.8
Hexes          | 1 5 9 10 11 | 11.1
Spellcasting   | 3 4 |  4.8
Air Magic      | 2 4 5 |  5.9
Poison Magic   | 2 4 5 |  5.0
Evocations     | 1 3 4 |  4.1
Transmutations | 4 5 |  5.4

Action                     |  1- 3 |  4- 6 |  7- 9 | 10-12 || total
---------------------------+-------+-------+-------+-------++-------
  Melee: Unarmed           |   117 |   136 |   134 |   350 ||   737
         Bite              |     7 |    13 |    19 |    49 ||    88
         Punch             |     2 |     9 |     5 |    15 ||    31
   Cast: Kiss of Death     |       |     8 |    11 |       ||    19
         Ensorcelled Hiber |       |     4 |    68 |    85 ||   157
         Confusing Touch   |       |       |     3 |    16 ||    19
         Mephitic Cloud    |       |       |     6 |    39 ||    45
  Evoke: Wand              |       |       |    10 |    21 ||    31
    Use: Potion            |       |     1 |       |     1 ||     2
         Scroll            |       |     4 |     6 |    14 ||    24
   Stab: Sleeping          |    12 |     5 |    42 |    59 ||   118
         Held in net/web   |       |       |     1 |       ||     1
         Confused          |       |       |     1 |    49 ||    50
         Distracted        |       |       |       |     1 ||     1
         Paralysed         |       |       |       |     1 ||     1
 Armour: Skin              |    21 |    50 |    57 |    94 ||   222
  Dodge: Dodged            |    74 |    94 |   133 |   206 ||   507

Table legend: (Time is in decaauts)
 A = Elapsed time spent in this place.
 B = Non-inter-level travel time spent in this place.
 C = Inter-level travel time spent in this place.
 D = Time resting spent in this place.
 E = Time spent auto-exploring this place.
 F = Levels seen in this place.
 G = Mean time per level.
                   A        B        C        D        E       F      G
               +--------+--------+--------+--------+--------+-----+--------+
         Total |  13990 |  13577 |    413 |   1785 |   8328 |  13 | 1076.2 |
       Dungeon |  13983 |  13570 |    413 |   1785 |   8328 |  12 | 1165.2 |
        Temple |      6 |      6 |      0 |      0 |      0 |   1 |    6.0 |
               +--------+--------+--------+--------+--------+-----+--------+

Top non-repeatable levels by time:
    D:11: 3112 daAuts
     D:9: 1659 daAuts
     D:7: 1227 daAuts
     D:6: 1144 daAuts
     D:3: 1088 daAuts
     D:8: 960 daAuts
     D:4: 918 daAuts
    D:10: 832 daAuts
    D:12: 813 daAuts
     D:5: 772 daAuts
     D:2: 758 daAuts
     D:1: 697 daAuts
  Temple: 6 daAuts
